 Dungeon Crawl Stone Soup version 0.29-a0-284-gf9362112df (webtiles) character file.

Game seed: 961765866103443877

207 Dabor the Skirmisher (level 6, -3/48 HPs)
             Began as a Formicid Abyssal Knight on Mar 15, 2022.
             Was a Priest of Lugonu.
             Slain by a gnoll shaman
             ... wielding a +0 whip
              (11 damage)
             ... on level 4 of the Dungeon.
             The game lasted 00:05:07 (2692 turns).

Dabor the Skirmisher (Formicid Abyssal Knight)      Turns: 2692, Time: 00:05:08

Health: -3/48      AC:  4    Str: 19    XL:     6   Next: 11%
Magic:  8/8        EV: 12    Int: 10    God:    Lugonu [***...]
Gold:   162        SH:  0    Dex: 17    Spells: 5/5 levels left

rFire   . . .      SeeInvis +   a - +1 spear
rCold   + . .      Faith    .   (no shield)
rNeg    . . .      Spirit   .   b - +0 leather armour
rPois   .          Reflect  .   (helmet unavailable)
rElec   .          Harm     .   (no cloak)
rCorr   .          Rampage  .   l - +0 pair of gloves
Will    .....                   (no boots)
Stlth   +.........              (no amulet)
HPRegen 0.16/turn               e - ring of protection from cold
MPRegen 0.11/turn               f - +6 ring of dexterity

@: mighty, attractive
A: permanent stasis, dig shafts and tunnels, antennae 3, four strong arms
a: Dig, Shaft Self, Renounce Religion, Depart the Abyss, Bend Space, Banish


You were on level 4 of the Dungeon.
You worshipped Lugonu.
Lugonu was most pleased with you.
You visited 1 branch of the dungeon, and saw 4 of its levels.
You visited the Abyss 1 time.

You collected 162 gold pieces.

Inventory:

Hand Weapons
 a - a +1 spear (weapon)
Armour
 b - a +0 leather armour (worn)
 l - a +0 pair of gloves (worn)
Jewellery
 e - a ring of protection from cold (left hand)
 f - a +6 ring of dexterity (right hand)
Scrolls
 c - 4 scrolls of identify
 d - a scroll of magic mapping
 h - a scroll of enchant armour {unknown}
 k - 3 scrolls of noise {unknown}
 n - a scroll of holy word {unknown}
 r - a scroll of fog {unknown}
 t - 2 scrolls of teleportation {unknown}
Potions
 i - a potion of lignification
 q - a potion of flight {unknown}
 s - a potion of ambrosia {unknown}
 u - a potion of degeneration {unknown}


   Skills:
 + Level 4.2 Fighting
 + Level 3.0 Polearms
 + Level 3.4 Armour
 + Level 2.2 Dodging
 + Level 3.6 Invocations


You had 5 spell levels left.
You didn't know any spells.
Your spell library contained the following spells:

 Spells                   Type           Power      Damage    Failure   Level
 Magic Dart               Conj           0%         1d3       41%         1
 Searing Ray              Conj           0%         2d4       54%         2
 Static Discharge         Conj/Air       0%         N/A       54%         2
 Conjure Flame            Conj/Fire      0%         6-21      78%         3
 Ignite Poison            Fire/Tmut/Pois 0%         N/A       78%         3
 Fulminant Prism          Conj/Hex       0%         3d6       99%         4
 Sticky Flame             Conj/Fire      0%         2d3       99%         4
 Lightning Bolt           Conj/Air       0%         1d11      100%        5
 Maxwell's Capacitive Co  Air            0%         ∞         100%        8


Dungeon Overview and Level Annotations

Branches:
Dungeon (4/15)
 Temple: D:4-7

Altars:

Shops:
D:3 [


Innate Abilities, Weirdness & Mutations

You cannot be hasted, slowed, berserked, paralysed or teleported.
You can dig through walls and to a lower floor.
You have a pair of large antennae on your head. (SInv)
Your four strong arms can wield two-handed weapons with a shield.


Message History

The gnoll shaman hits you but does no damage.
You hit the gnoll shaman.
You punch the gnoll shaman, but do no damage.
The gnoll shaman is heavily wounded.
The gnoll hits you but does no damage.
The gnoll shaman hits you but does no damage.
You hit the gnoll shaman but do no damage.
The gnoll shaman is heavily wounded.
The gnoll hits you from afar with a +0 spear.
The gnoll shaman hits you but does no damage.
You hit the gnoll shaman.
The gnoll shaman is severely wounded.
The gnoll hits you but does no damage.
The gnoll shaman hits you but does no damage.
You closely miss the gnoll shaman.
The gnoll shaman is severely wounded.
The gnoll shaman hits you but does no damage.
The gnoll hits you but does no damage.
You hit the gnoll shaman.
The gnoll shaman is almost dead.
The gnoll shaman hits you but does no damage.
The gnoll hits you from afar with a +0 spear.
You closely miss the gnoll shaman.
The gnoll shaman is almost dead.
You feel less wooden.
Your +0 pair of gloves unmelds from your body.
Your +0 leather armour unmelds from your body.
The gnoll hits you from afar with a +0 spear.
* * * LOW HITPOINT WARNING * * *
The gnoll shaman hits you with a +0 whip.
* * * LOW HITPOINT WARNING * * *
It was a potion of might.
You feel very mighty all of a sudden.
The gnoll hits you from afar with a +0 spear.
* * * LOW HITPOINT WARNING * * *
The gnoll shaman closely misses you.
It was a potion of attraction.
You feel attractive to monsters.
The gnoll shaman hits you with a +0 whip!
You die...

... .... ##....
#...... ## .......
#+#. .....<.
###...####g....>.
#......'@gSg....#
#......##########
#(......# +.......#
#.....†.#
#......###
#......'.#########
####...##.........#
...#+#.
######....#{


You could see a gnoll shaman, 2 gnolls and an adder.

Vanquished Creatures
  A scorpion (D:4)
  A jelly (D:4)
  An adder (D:2)
  3 gnolls (D:4)
  A worm (D:2)
  2 dart slugs (D:1)
  An orc (D:3)
  8 ball pythons
  9 bats
  6 endoplasms
  3 giant cockroaches
  4 goblins
  3 hobgoblins
  8 jackals
  6 kobolds
  3 quokkas
  3 frilled lizards (D:1)
  3 rats
66 creatures vanquished.

Notes
Turn   | Place    | Note
-------+----------+-------------------------------------------
     0 | Abyss:1  | Dabor the Formicid Abyssal Knight began the quest for the
                  | Orb.
     0 | Abyss:1  | Reached XP level 1. HP: 18/18 MP: 2/2
     0 | D:1      | Escaped the Abyss
    50 | D:1      | Reached ** piety under Lugonu
    51 | D:1      | Reached skill level 1 in Dodging
    57 | D:1      | Reached XP level 2. HP: 23/24 MP: 3/3
   363 | D:1      | Reached XP level 3. HP: 29/29 MP: 4/4
  1267 | D:2      | Reached XP level 4. HP: 34/37 MP: 6/6
  1825 | D:3      | Found Cenwipp's Antique Armour Boutique.
  1872 | D:3      | Reached *** piety under Lugonu
  2578 | D:4      | Reached skill level 4 in Fighting
  2578 | D:4      | Reached XP level 5. HP: 34/42 MP: 7/7
  2676 | D:4      | Reached XP level 6. HP: 40/48 MP: 8/8
  2692 | D:4      | Slain by a gnoll shaman

Illustrated notes

Levels and vault maps discovered:
D:1:      ncdulo_halloftheorcs, layout_loops_cross, kennysheep_another_room
D:2:      layout_rooms, kennysheep_boxes
D:3:      layout_basic, serial_shops, nicolae_square_shop
D:4:      nicolae_cairo_tiling_very_big, layout_loops_ring,
          gammafunk_ghost_necromancy, enter_ossuary_1

Skill      XL: |  1  2  3  4  5 |
---------------+----------------+-----
Dodging        | 1 2 |  2.2
Invocations    | 3 |  3.6
Armour         | 3 |  3.4
Fighting       | 4 |  4.2
Polearms       | 3 |  3.0

Action                   |  1- 3 |  4- 6 || total
-------------------------+-------+-------++-------
Melee: Spear             |    99 |   115 ||   214
       Punch             |       |     1 ||     1
Invok: Depart the Abyss  |     1 |       ||     1
  Use: Potion            |       |     5 ||     5
       Scroll            |       |     2 ||     2
 Stab: Sleeping          |     2 |     2 ||     4
       Distracted        |       |     1 ||     1
Armor: Leather armour    |    21 |    16 ||    37
       Skin              |       |    28 ||    28
Dodge: Dodged            |    47 |    45 ||    92

Table legend: (Time is in decaauts)
 A = Elapsed time spent in this place.
 B = Non-inter-level travel time spent in this place.
 C = Inter-level travel time spent in this place.
 D = Time resting spent in this place.
 E = Time spent auto-exploring this place.
 F = Levels seen in this place.
 G = Mean time per level.
                   A        B        C        D        E       F      G
               +--------+--------+--------+--------+--------+-----+--------+
         Total |   2684 |   2557 |    127 |     45 |   2005 |   5 |  536.8 |
       Dungeon |   2684 |   2557 |    127 |     45 |   2005 |   4 |  671.0 |
         Abyss |      0 |      0 |      0 |      0 |      0 |   1 |    0.0 |
               +--------+--------+--------+--------+--------+-----+--------+

Top non-repeatable levels by time:
     D:1: 1101 daAuts
     D:3: 763 daAuts
     D:2: 673 daAuts
     D:4: 146 daAuts
